 Dungeon Crawl Stone Soup version 0.30-a0-358-g0d69a1922f (webtiles) character file.

Game seed: 16380241196812397869

72 quakins the Shooter (level 4, -3/24 HPs)
             Began as a Deep Elf Hexslinger on Nov 8, 2022.
             Was an Initiate of Okawaru.
             Slain by a river rat (7 damage)
             ... on level 3 of the Dungeon.
             The game lasted 00:04:13 (1507 turns).

quakins the Shooter (Deep Elf Hexslinger)           Turns: 1507, Time: 00:04:14

Health: -3/24      AC:  3    Str:  7    XL:     4   Next: 7%
Magic:  8/8        EV: 13    Int: 18    God:    Okawaru [......]
Gold:   51         SH:  0    Dex: 17    Spells: 5/6 levels left

rFire   . . .      SeeInvis .    a - +1 sling
rCold   + . .      Faith    .    (no shield)
rNeg    . . .      Spirit   .    c - +0 robe
rPois   .          Reflect  .    (no helmet)
rElec   .          Harm     .    (no cloak)
rCorr   +          Rampage  .    r - +0 pair of gloves
Will    .....                    (no boots)
Stlth   ++........               (no amulet)
HPRegen 0.24/turn                i - ring of resist corrosion
MPRegen 0.11/turn                j - ring of protection from cold

@: no status effects
A: no striking features
a: Renounce Religion


You were on level 3 of the Dungeon.
You worshipped Okawaru.
Okawaru was noncommittal.
You visited 1 branch of the dungeon, and saw 3 of its levels.

You collected 51 gold pieces.

Inventory:

Hand Weapons
 a - a +1 sling (weapon)
Armour
 c - a +0 robe (worn)
 r - a +0 pair of gloves (worn)
Jewellery
 i - a ring of resist corrosion (left hand)
 j - a ring of protection from cold (right hand)
Scrolls
 b - 2 scrolls of poison
 f - a scroll of fog
 g - a scroll of noise
 l - a scroll of teleportation {unknown}
 p - 2 scrolls of fear
Potions
 d - a potion of flight {unknown}
 e - 2 potions of brilliance {unknown}
 k - 2 potions of curing {unknown}
 m - a potion of degeneration {unknown}
 n - a potion of might {unknown}
 o - 2 potions of lignification {unknown}
 q - a potion of heal wounds {unknown}


   Skills:
 - Level 0.7 Fighting
 + Level 5.9 Ranged Weapons
 - Level 2.4 Dodging
 - Level 1.5 Spellcasting
 - Level 4.0 Hexes


You had 5 spell levels left.
You knew the following spells:

 Your Spells              Type           Power      Damage    Failure   Level
a - Slow                  Hex            60%        N/A       3%          1

Your spell library contained the following spells:

 Spells                   Type           Power      Damage    Failure   Level
 Inner Flame              Hex/Fire       8%         N/A       26%         3
 Portal Projectile        Hex/Tloc       16%        N/A       26%         3
 Cause Fear               Hex            7%         N/A       36%         4
 Ozocubu's Armour         Ice            1%         N/A       50%         3
 Ozocubu's Refrigeration  Ice            0%         4d7       100%        7


Dungeon Overview and Level Annotations

Branches:
Dungeon (3/15)

Altars:
Okawaru


Message History

The ball python constricts you.
You escape the ball python's grasp.
The river rat bites you.
The ball python bites you but does no damage.
The ball python grabs you.
You stop ascending the stairs.
The ball python constricts you.
The ball python's grasp on you weakens, but your attempt to escape fails.
The river rat barely misses you. The ball python closely misses you.
The ball python constricts you.
Fire: a) +1 sling
Press: ? - help, Q - select action, (/) - cycle Shift-Dir - straight line, f - ball python, p - river rat
Aim: a ball python (constricting you, 57% to hit)
You shoot a sling bullet.
The sling bullet barely misses the ball python.
The ball python bites you. The ball python constricts you.
The river rat closely misses you. The ball python barely misses you.
The ball python constricts you.
Fire: a) +1 sling
Press: ? - help, Q - select action, (/) - cycle Shift-Dir - straight line, f/p - ball python
Aim: a ball python (constricting you, 57% to hit)
You shoot a sling bullet.
The sling bullet barely misses the ball python.
The river rat bites you.
* * * LOW HITPOINT WARNING * * *
The ball python bites you but does no damage.
The ball python constricts you.
Fire: a) +1 sling
Press: ? - help, Q - select action, (/) - cycle Shift-Dir - straight line, f/p - ball python
Aim: a ball python (constricting you, 57% to hit)
You shoot a sling bullet. The sling bullet hits the ball python.
You kill the ball python!
Okawaru accepts your kill. The rat misses you. The river rat barely misses you.
The rat bites you.
* * * LOW HITPOINT WARNING * * *
The river rat barely misses you.
Fire: a) +1 sling
Press: ? - help, Q - select action, (/) - cycle Shift-Dir - straight line, f - river rat
Aim: a river rat (lightly wounded, 57% to hit)
Okay, then.
The rat barely misses you. The river rat bites you!
You die...

...#####....#.......
...##..............
#..#..........##..
###........#...#..##
....................
.....................
....................~
........#.†........~~
........#@r........~~
........r.........~~
####.....#.......r.~
#...#.####....$....
..###. #.......$. #
#. #......... .
#......... .
#.#....... .. ######.


You could see a river rat and a rat.

Vanquished Creatures
  2 adders (D:2)
  A worm (D:2)
  2 dart slugs
  4 bats
  5 endoplasms
  3 giant cockroaches
  2 goblins
  5 hobgoblins
  5 ball pythons
  13 frilled lizards (D:1)
  4 kobolds
  3 rats
49 creatures vanquished.

Vanquished Creatures (others)
  6 plants (D:1)
6 creatures vanquished.

Grand Total: 55 creatures vanquished

Notes
Turn   | Place    | Note
-------+----------+-------------------------------------------
     0 | D:1      | quakins the Deep Elf Hexslinger began the quest for the
                  | Orb.
     0 | D:1      | Reached XP level 1. HP: 11/11 MP: 5/5
    62 | D:1      | Reached skill level 3 in Ranged Weapons
   153 | D:1      | Reached XP level 2. HP: 16/16 MP: 6/6
   234 | D:1      | Reached skill level 4 in Ranged Weapons
   778 | D:1      | Reached XP level 3. HP: 20/20 MP: 7/7
   877 | D:2      | Found an iron altar of Okawaru.
   902 | D:2      | Reached skill level 5 in Ranged Weapons
   917 | D:2      | Became a worshipper of Warmaster Okawaru
  1113 | D:2      | Reached XP level 4. HP: 19/24 MP: 8/8
  1507 | D:3      | Slain by a river rat

Illustrated notes

Levels and vault maps discovered:
D:1:      noname_arrival_rooms_in_the_neighbourhood, layout_loops_ring,
          minmay_misc_feat_tiny, minmay_lizard_king
D:2:      layout_rooms, basic_altar, serial_bayou_lagoon_a
D:3:      layout_rooms, portal_sewer_entry_a, kennysheep_cross_room,
          minmay_fractal_squares_gapless_5

Skill      XL: |  1  2  3 |
---------------+----------+-----
Ranged Weapons | 3 4 5 |  5.9
Fighting       | |  0.7
Dodging        | |  2.4
Spellcasting   | |  1.5
Hexes          | |  4.0

Action                   |  1- 3 |  4- 6 || total
-------------------------+-------+-------++-------
 Fire: Sling             |   125 |    13 ||   138
 Cast: Slow              |     1 |       ||     1
  Use: Scroll            |       |     3 ||     3
Armor: Robe              |    13 |     4 ||    17
Dodge: Dodged            |    37 |    10 ||    47

Table legend: (Time is in decaauts)
 A = Elapsed time spent in this place.
 B = Non-inter-level travel time spent in this place.
 C = Inter-level travel time spent in this place.
 D = Time resting spent in this place.
 E = Time spent auto-exploring this place.
 F = Levels seen in this place.
 G = Mean time per level.
                   A        B        C        D        E       F      G
               +--------+--------+--------+--------+--------+-----+--------+
         Total |   1539 |   1469 |     70 |      0 |   1158 |   3 |  513.0 |
       Dungeon |   1539 |   1469 |     70 |      0 |   1158 |   3 |  513.0 |
               +--------+--------+--------+--------+--------+-----+--------+

Top non-repeatable levels by time:
     D:1: 859 daAuts
     D:2: 636 daAuts
     D:3: 42 daAuts
